Map: Dusk Towers

Players

sinjai

  • Race: Terran Terran

ILLBdA - Winner!

  • Race: Protoss Protoss
  • League: Diamond

VOD

Have the link to the VOD?

Description

Time

  • Played on: Jan. 3, 2016, 6:02 a.m.
  • Length: 6:51
Show
View Real Time Build Order
Export as new Build Order

sinjai Terran 

Build Orders: Liberator Opening 

Get SALT Encoding   

  12  0:01  SCV  
  13  0:13  SCV  
  14  0:17  Supply Depot  
  14  0:25  SCV  
  15  0:39  SCV  
  15  0:40  Barracks  
  16  0:50  Refinery  
  16  0:51  SCV  
  17  1:03  SCV  
  19  1:18  SCV  
  19  1:26  Marine  
  19  1:31  Orbital Command  
  20  1:40  Command Center  
  20  1:44  Reaper  
  21  1:57  SCV, Supply Depot  
  22  2:02  Refinery  
  22  2:11  SCV  
  22  2:12  Factory  
  23  2:19  Marine  
  23  2:22  Bunker  
  24  2:26  SCV  
  25  2:37  Marine  
  25  2:38  SCV  
  27  2:50  SCV  
  28  2:54  Marine  
  29  3:05  SCV  
  29  3:06  Factory Tech Lab  
  29  3:07  Starport  
  29  3:12  Marine  
  30  3:18  SCV  
  32  3:30  SCV, Cyclone, Marine  
  32  3:31  Orbital Command  
  36  3:42  SCV, Liberator  
  36  3:48  Marine  
  37  3:54  SCV  
  41  4:05  Supply Depot  
  41  4:06  SCV, Supply Depot, Marine  
  41  4:16  Siege Tank  
  44  4:18  SCV  
  44  4:29  Supply Depot  
  44  4:37  SCV  
  44  4:43  Barracks  
  44  4:47  Barracks  
  44  4:54  Marine  
  44  4:59  SCV  
  46  5:01  Siege Tank  
  46  5:05  Engineering Bay  
  35  5:24  Marine  
  33  5:33  Siege Tank  
Show
View Real Time Build Order
Export as new Build Order

ILLBdA Protoss - Winner!

Build Orders: Mass Adepts 

Get SALT Encoding   

  12  0:01  Probe (Chrono Boost)  
  13  0:11  Probe (Chrono Boost)  
  14  0:19  Pylon  
  14  0:22  Probe (Chrono Boost)  
  15  0:37  Probe (Chrono Boost)  
  15  0:40  Gateway  
  16  0:44  Assimilator  
  16  0:48  Probe (Chrono Boost)  
  17  0:58  Probe (Chrono Boost)  
  18  1:09  Probe (Chrono Boost)  
  19  1:19  Probe (Chrono Boost)  
  19  1:23  Pylon  
  20  1:28  Cybernetics Core  
  20  1:30  Probe (Chrono Boost)  
  21  1:42  Probe (Chrono Boost), Assimilator  
  21  1:44  Gateway  
  21  1:45  Gateway  
  22  1:52  Probe (Chrono Boost)  
  23  2:06  Mothership Core (Chrono Boost)  
  25  2:09  Adept (Chrono Boost)  
  25  2:12  Pylon  
  27  2:17  Warp Gate  
  27  2:32  Adept (Chrono Boost)  
  27  2:35  Adept (Chrono Boost)  
  33  2:53  Adept (Chrono Boost)  
  33  2:56  Adept (Chrono Boost)  
  35  3:01  Pylon  
  37  3:12  Adept (Chrono Boost)  
  37  3:13  Pylon  
  37  3:14  Pylon  
  37  3:16  Pylon  
  37  3:22  Pylon  
  37  3:26  Robotics Facility  
  37  3:31  Adept (Chrono Boost)  
  37  3:44  Pylon  
  37  3:45  Pylon  
  37  3:48  Pylon  
  39  4:00  Pylon  
  39  4:12  Pylon  
  39  4:17  Immortal (Chrono Boost)  
  39  4:28  Adept x3  
  45  4:50  Stalker  
  51  4:54  Stalker x2  
  51  4:55  Observer (Chrono Boost)  
  44  5:14  Stalker  
  44  5:23  Stalker x2  
  48  5:43  Stalker  
  48  5:52  Stalker x2  
  48  5:59  Immortal (Chrono Boost)  
Tags
 
Composition
Mass Adepts
League
Diamond
Matchup
PvT
Replay Pack
me
Add a new tag
Caveats
  • Supply blocks, unpowered buildings, or Contaminate may cause inaccurate times.
  • Supply counts are checked every 10 seconds.